 Dungeon Crawl Stone Soup version 0.26-a0-611-g354ed81502 (webtiles) character file.

Game seed: 4549228963976871388

338 MrRokkomies the Digger (level 6, 0/36 HPs)
             Began as an Octopode Earth Elementalist on Sept 7, 2020.
             Slain by an orc wizard
             ... wielding a +2 dagger of electrocution
              (4 damage)
             ... on level 4 of the Dungeon.
             The game lasted 00:05:58 (4808 turns).

MrRokkomies the Digger (OpEE)                       Turns: 4808, Time: 00:05:59

Health: 0/36       AC:  1    Str:  7    XL:     6   Next: 55%
Magic:  7/10       EV: 13    Int: 20    God:
Gold:   229        SH:  0    Dex: 12    Spells: 8/11 levels left

rFire    . . .     SeeInvis .   a - +2 dagger (venom)
rCold    . . .     Faith    +   s - +1 buckler
rNeg     . . .     Spirit   .   (helmet restricted)
rPois    .         Reflect  .   e - amulet of faith
rElec    .         Harm     .   (no ring)
rCorr    .                      (no ring)
MR       .....                  (no ring)
Stlth    ++........             (no ring)
HPRegen  0.12/turn              (no ring)
MPRegen  0.12/turn              (no ring)
                                (no ring)
                                (no ring)

@: confused
A: almost no armour, stealthy swim, amphibious, 8 rings, constrict 8, camouflage
1, gelatinous body 1
a: no special abilities


You were on level 4 of the Dungeon.
You visited 1 branch of the dungeon, and saw 4 of its levels.

You collected 229 gold pieces.

Inventory:

Hand Weapons
 a - a +2 dagger of venom (weapon)
 f - a +2 short sword of speed
Missiles
 b - 134 stones
 c - 8 boomerangs (quivered)
 i - 13 poisoned darts
Armour
 s - a +1 buckler (worn)
Jewellery
 e - an amulet of faith (around mantle)
Wands
 k - a wand of random effects (17)
Scrolls
 h - a scroll of enchant armour
 j - a scroll of teleportation
 l - 2 scrolls of remove curse
 q - a scroll of fog
 u - a scroll of identify
Potions
 d - 3 potions of haste
 m - 2 potions of flight
 n - 2 potions of stabbing
 o - a potion of ambrosia {unknown}
 p - a potion of lignification {unknown}
 r - a potion of curing {unknown}
 t - a potion of brilliance {unknown}


   Skills:
 - Level 2.9 Dodging
 + Level 4.4 Stealth
 * Level 2.5 Shields
 + Level 3.1 Spellcasting
 - Level 1.0 Transmutations
 * Level 4.8 Earth Magic


You had 8 spell levels left.
You knew the following spells:

 Your Spells              Type           Power        Failure   Level
a - Sandblast             Erth           ###...       2%          1
b - Passwall              Tmut/Erth      ##......     8%          2

Your spell library contained the following spells:

 Spells                   Type           Power        Failure   Level
 Stone Arrow              Conj/Erth      ##....       19%         3
 Confusing Touch          Hex            #.......     45%         3
 Gell's Gravitas          Tloc           #.........   45%         3
 Petrify                  Tmut/Erth      ##......     45%         4
 Lee's Rapid Deconstruct  Erth           ###.......   54%         5
 Yara's Violent Unravell  Hex/Tmut       #.........   98%         5
 Metabolic Englaciation   Hex/Ice        #.........   99%         5


Dungeon Overview and Level Annotations

Branches:
Dungeon (4/15)
 Temple: D:4-7

Altars:


Innate Abilities, Weirdness & Mutations

You cannot wear most types of armour.
You are very stealthy in the water. (Stealth+)
You are amphibious.
You can wear up to eight rings at the same time.
You can use your tentacles to constrict eight enemies at once.
Your skin changes colour to match your surroundings (Stealth+).
Your rubbery body absorbs attacks. (AC +1, EV +1)


Message History

You miss something. Something barely misses you. The orc barely misses you.
You closely miss the orc. You squeeze the orc.
You kill the orc!
Something hits you.
You closely miss something. You squeeze something. Something hits you.
You completely miss something.
You feel less confused. Something hits you.
You miss something. Something completely misses you.
You hit something.
You hear some strange, mumbled words.
You are confused.
You barely miss something. Something hits you but does no damage.
You feel much better. Something hits you.
You are electrocuted!
Something hits you.
You are electrocuted!
* * * LOW HITPOINT WARNING * * *
Things that are here:
a +0 club; an orc corpse You bump into the rock wall.
Something hits you.
You die...

...# ... ## .. .#
.. #.##.##
...##..... ..#. #.
......... ....##..
##...))##
.....#...#..###{@#
.............#...#
.......####..#...#
........#.#.....##
...>............#
.............####
.......###....#
........###...#
......### ##.##


There were no monsters in sight!

Vanquished Creatures
  2 hounds (D:4)
  Crazy Yiuf (D:3)
  A worker ant (D:4)
  Terence (D:2)
  6 adders
  4 gnolls
  2 oozes (D:3)
  A worm (D:3)
  2 dart slugs
  3 leopard geckos
  9 orcs
  2 ball pythons (D:3)
  3 giant cockroaches
  8 goblins
  9 hobgoblins
  7 jackals (D:3)
  A quokka (D:2)
  8 bats
  3 frilled lizards
  13 kobolds
  7 rats
93 creatures vanquished.

Notes
Turn   | Place    | Note
-------+----------+-------------------------------------------
     0 | D:1      | MrRokkomies the Octopode Earth Elementalist began the quest
                  | for the Orb.
     0 | D:1      | Reached XP level 1. HP: 11/11 MP: 3/3
   261 | D:1      | Reached XP level 2. HP: 17/17 MP: 1/5
   718 | D:1      | Reached XP level 3. HP: 14/21 MP: 6/6
  1227 | D:1      | Learned a level 2 spell: Passwall
  1272 | D:2      | Reached XP level 4. HP: 18/27 MP: 7/7
  1836 | D:2      | Noticed Terence
  1843 | D:2      | Killed Terence
  2018 | D:2      | Reached XP level 5. HP: 28/31 MP: 8/8
  2136 | D:2      | Reached skill level 1 in Shields
  3974 | D:3      | Found a runed translucent door.
  3975 | D:3      | Noticed Crazy Yiuf
  4253 | D:3      | Killed Crazy Yiuf
  4433 | D:4      | Reached XP level 6. HP: 36/36 MP: 7/10
  4808 | D:4      | Slain by an orc wizard

Illustrated notes

Levels and vault maps discovered:
D:1:      dpeg_arrival_boxorama, layout_basic, kennysheep_doodads
D:2:      layout_basic, uniq_terence
D:3:      layout_basic, interstate_on_off, uniq_crazy_yiuf_cottage
D:4:      layout_cave_pools

Skill      XL: |  1  2  3  4  5 |
---------------+----------------+-----
Stealth        | 3 4 |  4.4
Earth Magic    | 4 |  4.8
Shields        | 2 |  2.5
Spellcasting   | 3 |  3.1
Dodging        | |  2.9
Transmutations | |  1.0

Action                   |  1- 3 |  4- 6 || total
-------------------------+-------+-------++-------
Melee: Unarmed           |    12 |       ||    12
       Tentacles         |     8 |    18 ||    26
       Constrict         |     7 |    25 ||    32
       Dagger            |    23 |   116 ||   139
 Cast: Sandblast         |    26 |    17 ||    43
  Use: Scroll            |     2 |     8 ||    10
       Potion            |       |     1 ||     1
 Stab: Sleeping          |     5 |    20 ||    25
Armor: Skin              |     3 |    10 ||    13
Dodge: Dodged            |    28 |    68 ||    96
Block: Buckler           |       |    14 ||    14

Table legend: (Time is in decaauts)
 A = Elapsed time spent in this place.
 B = Non-inter-level travel time spent in this place.
 C = Inter-level travel time spent in this place.
 D = Time resting spent in this place.
 E = Time spent auto-exploring this place.
 F = Levels seen in this place.
 G = Mean time per level.
                   A        B        C        D        E       F      G
               +--------+--------+--------+--------+--------+-----+--------+
         Total |   4808 |   4693 |    115 |      0 |   4101 |   4 | 1202.0 |
       Dungeon |   4808 |   4693 |    115 |      0 |   4101 |   4 | 1202.0 |
               +--------+--------+--------+--------+--------+-----+--------+

Top non-repeatable levels by time:
     D:3: 1968 daAuts
     D:1: 1236 daAuts
     D:2: 1212 daAuts
     D:4: 392 daAuts
